 Dungeon Crawl Stone Soup version 0.27.0-1-g7a089689b8 (webtiles) character file.

Game seed: 4162749730957199715

119 mimimomo the Chopper (level 4, -1/41 HPs)
             Began as a Minotaur Monk on Aug 2, 2021.
             Succumbed to a scorpion's poison
             ... on level 3 of the Dungeon.
             The game lasted 00:03:46 (2596 turns).

mimimomo the Chopper (Minotaur Monk)                Turns: 2596, Time: 00:03:47

Health: -1/41      AC:  8    Str: 17    XL:     4   Next: 74%
Magic:  3/3        EV:  8    Int:  7    God:
Gold:   168        SH:  0    Dex: 12    Spells: 3/3 levels left

rFire    . . .     SeeInvis .   a - +0 hand axe
rCold    . . .     Faith    .   (no shield)
rNeg     . . .     Spirit   .   i - +0 chain mail
rPois    .         Reflect  .   (helmet restricted)
rElec    .         Harm     .   (no cloak)
rCorr    .         Rampage  .   (no gloves)
Will     .....                  (no boots)
Stlth    ..........             (no amulet)
HPRegen  0.13/turn              (no ring)
MPRegen  0.08/turn              (no ring)

@: lethally poisoned (-1 -> -14)
A: horns 2, retaliatory headbutt
a: no special abilities


You were on level 3 of the Dungeon.
You visited 1 branch of the dungeon, and saw 3 of its levels.

You collected 168 gold pieces.

Inventory:

Hand Weapons
 a - a +0 hand axe (weapon)
Armour
 b - a +0 robe
 c - a +0 leather armour
 i - a +0 chain mail (worn)
Scrolls
 f - a scroll of blinking {unknown}
 g - 2 scrolls of teleportation {unknown}
 l - a scroll of identify {unknown}
 m - a scroll of torment {unknown}
Potions
 d - a potion of heal wounds {unknown}
 e - 2 potions of flight {unknown}
 h - 2 potions of lignification {unknown}
 j - a potion of curing {unknown}
 k - a potion of haste {unknown}


   Skills:
 + Level 4.5 Fighting
 + Level 4.7 Axes
 + Level 2.3 Armour
 + Level 3.8 Dodging
 + Level 1.9 Stealth


You had 3 spell levels left.
You didn't know any spells.
Your spell library contained the following spells:

 Spells                   Type           Power      Damage    Failure   Level
 Slow                     Hex            0%         N/A       100%        2
 Confusing Touch          Hex            0%         N/A       100%        3
 Vampiric Draining        Necr           0%         2d6       100%        3


Dungeon Overview and Level Annotations

Branches:
Dungeon (3/15)

Altars:

Annotations:
D:3 Ijyb


Innate Abilities, Weirdness & Mutations

You have a pair of horns on your head.
You reflexively headbutt those who attack you in melee.


Message History

The scorpion closely misses you. You furiously retaliate!
You headbutt the scorpion.
A frilled lizard comes into view.
The frilled lizard hisses angrily.
You hit the scorpion. You headbutt the scorpion.
The scorpion is severely wounded.
The scorpion stings you but does no damage. x2
You hit the scorpion but do no damage.
The scorpion is severely wounded.
The scorpion stings you but does no damage.
You closely miss the scorpion.
The scorpion is severely wounded.
The scorpion stings you but does no damage.
You hit the scorpion.
The scorpion is almost dead.
The scorpion stings you but does no damage. x2
You hit the scorpion but do no damage.
The scorpion is almost dead.
The scorpion stings you.
You are poisoned.
The scorpion poisons you!
You closely miss the scorpion.
The scorpion is almost dead.
You feel sick.
The scorpion stings you but does no damage.
You hit the scorpion but do no damage.
The scorpion is almost dead.
You feel sick. The scorpion stings you.
You are more poisoned.
The scorpion poisons you! The scorpion stings you!
* * * LOW HITPOINT WARNING * * *
You barely miss the scorpion. Your headbutt misses the scorpion.
The scorpion is almost dead.
* * * LOW HITPOINT WARNING * * *
You feel very sick. The scorpion stings you.
* * * LOW HITPOINT WARNING * * *
You closely miss the scorpion.
The scorpion is almost dead.
You die...

### ##.## ##.#.##
##.#.#.##
##.#.#.#.##
##.#.###.#.##
##.#@##.##.#.##
##.#s##S#.##.#.##
##.#o##o#.#
##.#.##
##.#S##.#...
##.#.##
#.#l##:[))#
##.#.# ##.#...#.#
##.#.## ##.#.#.##
##.#.## .#
##.#.##
##†#.####.#
###### ##.##
##.#.##....


You could see a scorpion, an orc, a ball python and a frilled lizard.

Vanquished Creatures
  An orc priest (D:2)
  3 adders
  A worm (D:2)
  2 dart slugs
  6 orcs
  5 endoplasms
  A giant cockroach (D:1)
  2 goblins
  4 hobgoblins
  4 jackals (D:1)
  5 kobolds
  5 ball pythons
  3 bats
  2 frilled lizards (D:1)
  5 rats
49 creatures vanquished.

Notes
Turn   | Place    | Note
-------+----------+-------------------------------------------
     0 | D:1      | mimimomo the Minotaur Monk began the quest for the Orb.
     0 | D:1      | Reached XP level 1. HP: 19/19 MP: 0/0
   203 | D:1      | Reached XP level 2. HP: 24/27 MP: 1/1
  1106 | D:2      | Reached XP level 3. HP: 33/33 MP: 2/2
  1317 | D:2      | Reached skill level 1 in Armour
  2035 | D:2      | Reached XP level 4. HP: 23/41 MP: 3/3
  2232 | D:3      | Noticed Ijyb
  2575 | D:3      | Noticed a scorpion
  2595 | D:3      | HP: 2/41 [scorpion (5)]
  2596 | D:3      | Succumbed to a scorpion's poison

Illustrated notes

Levels and vault maps discovered:
D:1:      lightli_arrival_lavapool, layout_basic
D:2:      layout_loops_ring, lightli_corner_chamber
D:3:      minmay_inner_zag, layout_rooms, ebering_ecumenical_altar_hall,
          due_unseen_surprise, uniq_ijyb

Skill      XL: |  1  2  3 |
---------------+----------+-----
Fighting       | 4 |  4.5
Axes           | 4 |  4.7
Armour         | 2 |  2.3
Dodging        | |  3.8
Stealth        | |  1.9

Action                   |  1- 3 |  4- 6 || total
-------------------------+-------+-------++-------
Melee: Hand axe          |    91 |    43 ||   134
       Headbutt          |    11 |     5 ||    16
 Stab: Sleeping          |     2 |       ||     2
Armor: Robe              |     3 |       ||     3
       Leather armour    |     7 |       ||     7
       Chain mail        |    28 |    20 ||    48
Dodge: Dodged            |    54 |    15 ||    69
